 Dungeon Crawl Stone Soup version 0.31-a0-1042-ga9834b393d (webtiles) character file.

Game seed: 970907749764492621

396 Azuregosa the Covert (level 6, -5/42 HPs)
             Began as an Octopode Delver on Nov 19, 2023.
             Slain by a gnoll bouda
             ... wielding a +0 club
              (6 damage)
             ... on level 5 of the Dungeon.
             The game lasted 00:12:47 (3974 turns).

Azuregosa the Covert (Octopode Delver)              Turns: 3974, Time: 00:12:49

Health: -5/42      AC:  1    Str: 11    XL:     6   Next: 82%
Magic:  6/6        EV: 13    Int: 14    God:
Gold:   291        SH:  0    Dex: 14    Spells: 2/5 levels left

rFire   . .          .
                       - Unarmed
rCold   . . .        (no shield)
rNeg    . . .        (helmet restricted)
rPois   .            (no amulet)
rElec   .            (no ring)
rCorr   .            (no ring)
SInv    .            (no ring)
Will    .....        (no ring)
Stlth   +++++        (no ring)
HPRegen 0.27/turn    (no ring)
MPRegen 0.10/turn    (no ring)
                     (no ring)

%: no passive effects
@: brilliant, lethally poisoned (-5 -> -19), weakened, invisible
A: almost no armour, amphibious, 8 rings, camouflage 1, gelatinous body 1,
(nimble swimmer 1), tentacles
a: no special abilities


You were on level 5 of the Dungeon.
You visited 1 branch of the dungeon, and saw 5 of its levels.

You collected 291 gold pieces.

Inventory:

Hand Weapons
 r - a +0 dagger of speed
Missiles
 i - 46 stones
 t - 6 datura-tipped darts
 w - 3 boomerangs
Armour
 p - a +0 buckler
Magical Staves
 v - a staff of air
Wands
 e - a wand of digging (3)
Scrolls
 a - 4 scrolls of fog
 b - a scroll of poison {unknown}
 c - 6 scrolls of identify {unknown}
 f - a scroll of enchant weapon {unknown}
 j - a scroll of acquirement {unknown}
 o - a scroll of revelation
 q - a scroll of immolation {unknown}
Potions
 d - 3 potions of haste
 g - a potion of ambrosia {unknown}
 h - a potion of degeneration {unknown}
 k - a potion of invisibility
 l - a potion of enlightenment {unknown}
 m - a potion of lignification {unknown}
 n - 2 potions of heal wounds {unknown}
 s - 2 potions of brilliance
 u - a potion of curing {unknown}


   Skills:
 - Level 3.0 Fighting
 - Level 2.0 Dodging
 - Level 9.3 Stealth
 + Level 4.6 Shields
 - Level 2.0 Unarmed Combat
 - Level 0.2 Spellcasting
 - Level 0.3 Air Magic


You had 2 spell levels left.
You knew the following spells:

 Your Spells              Type           Power      Damage    Failure   Level
a - Swiftness             Air            1%         N/A       58%         3

Your spell library contained the following spells:

 Spells                   Type           Power      Damage    Failure   Level
 Shock                    Conj/Air       0%         1d3       26%         1
 Inner Flame              Hex/Fire       0%         N/A       65%         3
 Airstrike                Air            0%         2d(1-17)  94%         4
 Summon Ice Beast         Ice/Summ       0%         N/A       96%         4
 Summon Mana Viper        Hex/Summ       0%         N/A       100%        5
 Yara's Violent Unravell  Hex/Tmut       0%         3d3       100%        5
 Enfeeble                 Hex            0%         N/A       100%        7
 Monstrous Menagerie      Summ           0%         N/A       100%        7


Dungeon Overview and Level Annotations

Branches:
Dungeon (5/15)
 Temple: D:4-7

Altars:
Hepliaklqana
Okawaru
Qazlal
Ru
Vehumet
Wu Jian
Xom

Shops:
D:3 (   D:5 :


Innate Abilities, Weirdness & Mutations

You cannot wear most types of armour.
You are amphibious.
You can wear up to eight rings at the same time.
Your skin changes colour to match your surroundings (Stealth+).
Your rubbery body absorbs attacks. (AC +1, EV +1)
((You are camouflaged when in or above water. (Stealth+)))
You have tentacles for arms and can constrict up to eight enemies at once.


Message History

A gnoll is nearby!
You tentacle-slap the gnoll. You grab the gnoll.
The gnoll is moderately wounded.
You constrict the gnoll. The gnoll hits you with a +0 whip.
You tentacle-slap the gnoll but do no damage.
You squeeze the gnoll.
The gnoll is almost dead.
You constrict the gnoll.
You kill the gnoll!
The gnoll hits you from afar with a +1 spear of venom!
You are lethally poisoned!
The gnoll bouda gazes fiercely through you!
You feel your attacks grow feeble.
You tentacle-slap the gnoll bouda. You grab the gnoll bouda.
You squeeze the gnoll bouda.
The gnoll bouda is moderately wounded.
You constrict the gnoll bouda.
You feel very sick.
The gnoll bouda gazes fiercely through you!
You feel as though you will be weak longer.
The gnoll bouda barely misses you.
The gnoll hits you from afar with a +1 spear of venom.
* * * LOW HITPOINT WARNING * * *
You are more poisoned.
It was a potion of brilliance.
You feel clever all of a sudden.
You constrict the gnoll bouda.
* * * LOW HITPOINT WARNING * * *
You feel very sick.
The gnoll is no longer moving quickly.
The gnoll bouda gazes fiercely through you!
You feel as though you will be weak longer.
The gnoll bouda misses you. The gnoll misses you.
It was a potion of invisibility.
You fade into invisibility!
You constrict the gnoll bouda, but do no damage.
* * * LOW HITPOINT WARNING * * *
You feel very sick.
The gnoll bouda hits you with a +0 club.
You die...

*,,,..,,,..# #.# #
*,*#,..**#.# #.# #
*,*#.,.###.######## #.# #
**,*#..,..#........# #.# #
**,,###..#.#..#...#.####.#####
*,,,.......#..#...............
*,,,PP.P....g.....#.####.####.
*,,,PP.PPP.##g#####.# #.####.
*,,,.P...g.*#@#***#.# #.#....
*,,,gP.g.P.#........# #.#.##.
**,,,.P.....#.######## #.#.##.
*,,,,P.P....#.* #......
*,*,,P.P......* ###.###
**,*,,......###* #..#
*,,*,,******* ##.### *,*,,**
#....# *,*,** #....#


You could see a gnoll bouda (swift, unable to see you) and a gnoll (unable to
see you).

Vanquished Creatures
  A phantom (D:5)
  An orc priest (D:3)
  2 iguanas
  3 orc wizards
  2 gnolls (D:5)
  3 adders
  2 worms
  A dart slug (D:4)
  7 orcs
  12 ball pythons
  6 bats
  9 endoplasms
  5 giant cockroaches
  6 goblins
  8 hobgoblins
  6 jackals
  7 quokkas
  6 frilled lizards
  9 kobolds
  5 rats
101 creatures vanquished.

Notes
Turn   | Place    | Note
-------+----------+-------------------------------------------
     0 | D:5      | Azuregosa the Octopode Delver began the quest for the Orb.
     0 | D:5      | Reached XP level 1. HP: 16/16 MP: 1/1
    51 | D:4      | Reached skill level 7 in Stealth
    55 | D:4      | Noticed a water moccasin
    81 | D:4      | Noticed an iguana
    84 | D:4      | Reached XP level 2. HP: 21/21 MP: 2/2
    93 | D:4      | Reached skill level 8 in Stealth
    93 | D:4      | Reached XP level 3. HP: 10/26 MP: 3/3
   215 | D:4      | Noticed a black bear
   290 | D:3      | Found an ornate altar of the Wu Jian Council.
   292 | D:3      | Found a radiant altar of Vehumet.
   471 | D:1      | Reached XP level 4. HP: 30/31 MP: 4/4
  1018 | D:1      | Found a faded altar of an unknown god.
  1187 | D:1      | Reached skill level 9 in Stealth
  1812 | D:2      | Found a stormy altar of Qazlal.
  1990 | D:2      | Learned a level 3 spell: Swiftness
  2105 | D:2      | Reached XP level 5. HP: 31/36 MP: 5/5
  2492 | D:3      | Reached skill level 1 in Shields
  2586 | D:3      | Found Leul's Weapon Emporium.
  2918 | D:4      | Reached XP level 6. HP: 39/42 MP: 6/6
  3119 | D:4      | Found a snail-covered altar of Cheibriados.
  3121 | D:4      | Found a radiant altar of Vehumet.
  3121 | D:4      | Found a hazy altar of Hepliaklqana.
  3123 | D:4      | Found a shadowy altar of Dithmenos.
  3123 | D:4      | Found a shadowy altar of Dithmenos.
  3123 | D:4      | Found a shimmering altar of Xom.
  3416 | D:5      | Found a hazy altar of Hepliaklqana.
  3420 | D:5      | Found an iron altar of Okawaru.
  3425 | D:5      | Found a sacrificial altar of Ru.
  3974 | D:5      | HP: 1/42 [poisoned by a gnoll]
  3974 | D:5      | Slain by a gnoll bouda

Illustrated notes

Levels and vault maps discovered:
D:1:      amcnicky_arrival_feature_with_door, layout_basic,
          shapermc_ecumenical_altar_mp_highgroup
D:2:      layout_loops_ring, basic_altar, minmay_quantized
D:3:      layout_rooms, jmf_multi_god_temple, serial_shops,
          nicolae_shop_tiny_statue_garden
D:4:      layout_loops_ring, doesnt_xom_only_xom
D:5:      layout_loops_cross, lemuel_crystal_altar,
          grunt_temple_overflow_diamond, serial_shops, nicolae_stop_n_shop_2,
          nicolae_grassy_gnolls

Skill      XL: |  1  2  3  4  5  6 |
---------------+-------------------+-----
Stealth        | 7 8 9 |  9.3
Shields        | 3 4 |  4.6
Fighting       | |  3.0
Dodging        | |  2.0
Unarmed Combat | |  2.0
Spellcasting   | |  0.2
Air Magic      | |  0.3

Action                     |  1- 3 |  4- 6 || total
---------------------------+-------+-------++-------
  Melee: Unarmed           |    38 |   197 ||   235
         Constrict         |     7 |    44 ||    51
         Tentacles         |    10 |    44 ||    54
         Punch             |     1 |     6 ||     7
    Use: Scroll            |     2 |       ||     2
         Potion            |       |     2 ||     2
   Stab: Sleeping          |     8 |    32 ||    40
 Armour: Skin              |     9 |    78 ||    87
  Dodge: Dodged            |    14 |    83 ||    97

Table legend: (Time is in decaauts)
 A = Elapsed time spent in this place.
 B = Non-inter-level travel time spent in this place.
 C = Inter-level travel time spent in this place.
 D = Time resting spent in this place.
 E = Time spent auto-exploring this place.
 F = Levels seen in this place.
 G = Mean time per level.
                   A        B        C        D        E       F      G
               +--------+--------+--------+--------+--------+-----+--------+
         Total |   3963 |   3941 |     22 |    521 |   2361 |   5 |  792.6 |
       Dungeon |   3963 |   3941 |     22 |    521 |   2361 |   5 |  792.6 |
               +--------+--------+--------+--------+--------+-----+--------+

Top non-repeatable levels by time:
     D:1: 1181 daAuts
     D:4: 886 daAuts
     D:2: 832 daAuts
     D:5: 589 daAuts
     D:3: 474 daAuts
